 Dungeon Crawl Stone Soup version 0.26-a0-663-g36e8fdb655 (webtiles) character file.

Game seed: 11599328863219139097

364883 flotson the Spry (level 21, -7/191 HPs)
             Began as a Demonspawn Delver on Oct 10, 2020.
             Was the Champion of Fedhas.
             Mangled by a deep elf blademaster
             ... wielding a +0 rapier of venom
              (10 damage)
             ... on level 3 of the Elven Halls.
             The game lasted 02:26:36 (50985 turns).

flotson the Spry (Demonspawn Delver)               Turns: 50985, Time: 02:26:37

Health: -7/191     AC: 34    Str: 29    XL:     21   Next: 57%
Magic:  27/33      EV: 29    Int: 16    God:    Fedhas [******]
Gold:   4458       SH:  0    Dex: 19    Spells: 20/20 levels left

rFire    . . .     SeeInvis +   b - +9 executioner's axe (vorpal)
rCold    . . .     Faith    .   (shield currently unavailable)
rNeg     . . .     Spirit   .   T - +5 plate armour of Idealism {MR+ Str+3}
rPois    .         Reflect  .   (helmet unavailable)
rElec    +         Harm     .   v - +2 cloak {rCorr}
rCorr    +         Rampage  +   y - +0 pair of gloves "Kain" {+Inv Dex+4}
MR       ++...                  W - +1 pair of boots {rampage}
Stlth    ..........             w - amulet of Miobeax {rElec Regen+ Str+6 SInv Stlth-}
HPRegen  0.81/turn              X - +4 ring of evasion
MPRegen  0.23/turn              H - +4 ring of evasion

@: lethally poisoned (-7 -> -70), studying 2 skills
A: antennae 3, blink, clever 1, high mp 1, powered by death 2, robust 1, spiny
3, sharp scales 3
}: 2/15 runes: barnacled, gossamer
a: Blink, Wall of Briars, Grow Ballistomycete, Overgrow, Grow Oklob, Renounce
Religion, Evoke Invisibility


You were on level 3 of the Elven Halls.
You worshipped Fedhas.
Fedhas was exalted by your worship.
You visited 8 branches of the dungeon, and saw 39 of its levels.
You visited the Abyss 1 time.
You also visited: Trove and Ice Cave.

You collected 5704 gold pieces.
You spent 1246 gold pieces at shops.

Inventory:

Hand Weapons
 a - the +5 scythe "Finisher" {speed, eviscerate}
   (You found it on level 10 of the Dungeon)

   Attacks with this weapon are significantly faster.
 b - a +9 vorpal executioner's axe (weapon)
Missiles
 i - 38 silver javelins (quivered)
 C - 8 boomerangs of dispersal
 I - 11 throwing nets
 J - 8 atropa-tipped darts
Armour
 v - a +2 cloak of preservation (worn)
 y - the +0 pair of gloves "Kain" (worn) {+Inv Dex+4}
   (You acquired it on level 3 of the Vaults)

   It affects your dexterity (+4).
   It lets you turn invisible.
 T - the +5 plate armour of Idealism (worn) {MR+ Str+3}
   (You found it on level 2 of the Spider Nest)

   It affects your strength (+3).
   It affects your resistance to hostile enchantments.
 W - a +1 pair of boots of rampaging (worn)
Jewellery
 p - an uncursed ring of flight
 w - the amulet of Miobeax (around neck) {rElec Regen+ Str+6 SInv Stlth-}
   (You took it off an ogre mage on level 4 of the Vaults)

   [amulet of regeneration]

   It affects your strength (+6).
   It insulates you from electricity.
   It lets you see invisible.
   It increases your rate of regeneration.
   It makes you less stealthy.
 F - the amulet of Qazlal's Pride {Spirit rF++}
   (You found it in a treasure trove)

   [amulet of guardian spirit]

   It causes incoming damage to be split between your health and magic.
   It greatly protects you from fire.
 H - a +4 ring of evasion (right hand)
 O - the amulet of Jadir {Reflect rC+++ SH+5}
   (You found it in a treasure trove)

   [amulet of reflection]

   It shields you and reflects attacks.
   It renders you almost immune to cold.
   It affects your SH (+5).
 X - a +4 ring of evasion (left hand)
Wands
 d - a wand of acid (15)
 f - a wand of digging (23)
 u - a wand of disintegration (6)
 B - a wand of iceblast (55)
 R - a wand of paralysis (12)
Scrolls
 c - 6 scrolls of magic mapping
 e - a scroll of silence
 k - 5 scrolls of immolation
 l - 7 scrolls of blinking
 n - 6 scrolls of teleportation
 t - 14 scrolls of identify
 x - 2 scrolls of torment
 L - 7 scrolls of fog
 M - 6 scrolls of fear
 S - 2 scrolls of summoning
 U - 4 scrolls of holy word
 V - 5 scrolls of vulnerability
Potions
 g - 14 potions of curing
 h - 6 potions of resistance
 j - 5 potions of heal wounds
 m - 5 potions of cancellation
 q - 6 potions of might
 r - 2 potions of haste
 z - a potion of berserk rage
 A - 6 potions of ambrosia
 K - 2 potions of mutation
 Q - 6 potions of lignification
 Y - 4 potions of invisibility
Books
 o - a manual of Axes
 G - a manual of Armour
Miscellaneous
 s - a tin of tremorstones (3/3)
 D - a box of beasts (3/3)
 N - a lightning rod (4/4)
 P - a phial of floods
 Z - a condenser vane (2/2)


   Skills:
 + Level 17.0 Fighting
 + Level 10.2(12.8) Axes
 - Level 12.8(14.1) Polearms
   Level 6.0 Crossbows
 - Level 10.0 Throwing
 + Level 17.4 Armour
 + Level 17.5 Dodging
 - Level 4.7 Stealth
   Level 4.0 Shields
 - Level 1.8 Unarmed Combat
 - Level 12.0 Invocations
 + Level 13.6 Evocations


You had 20 spell levels left.
You didn't know any spells.
Your spell library contained the following spells:

 Spells                   Type           Power        Failure   Level
 Animate Skeleton         Necr           #.....       77%         1
 Foxfire                  Conj/Fire      #...         77%         1
 Magic Dart               Conj           #...         77%         1
 Pain                     Necr           #...         77%         1
 Shock                    Conj/Air       #...         77%         1
 Summon Small Mammal      Summ           #...         77%         1
 Corpse Rot               Necr/Air       N/A          88%         2
 Searing Ray              Conj           #.....       88%         2
 Sublimation of Blood     Necr           #.........   88%         2
 Swiftness                Air            #.......     88%         2
 Confusing Touch          Hex            #.......     98%         3
 Conjure Flame            Conj/Fire      #.......     98%         3
 Dazzling Flash           Conj/Hex       #.....       98%         3
 Gell's Gravitas          Tloc           #.........   98%         3
 Inner Flame              Hex/Fire       #.......     98%         3
 Static Discharge         Conj/Air       #.......     98%         3
 Summon Guardian Golem    Hex/Summ       #.......     98%         3
 Vampiric Draining        Necr           #.........   98%         3
 Airstrike                Air            #.........   100%        4
 Animate Dead             Necr           #.........   100%        4
 Dispel Undead            Necr           #.......     100%        4
 Fulminant Prism          Conj/Hex       #.........   100%        4
 Iskenderun's Mystic Bla  Conj/Tloc      #.......     100%        4
 Petrify                  Tmut/Erth      #.......     100%        4
 Sticky Flame             Conj/Fire      #.......     100%        4
 Agony                    Necr           #.......     100%        5
 Excruciating Wounds      Necr           #.........   100%        5
 Fireball                 Conj/Fire      #.........   100%        5
 Irradiate                Conj/Tmut      #.........   100%        5
 Lightning Bolt           Conj/Air       #.........   100%        5
 Metabolic Englaciation   Hex/Ice        #.........   100%        5
 Yara's Violent Unravell  Hex/Tmut       #.........   100%        5
 Death Channel            Necr           #.........   100%        6
 Freezing Cloud           Conj/Ice/Air   #.........   100%        6
 Hydra Form               Tmut           #.........   100%        6
 Iron Shot                Conj/Erth      #.........   100%        6
 Statue Form              Tmut/Erth      #........    100%        6
 Dragon Form              Tmut           #.........   100%        7
 Malign Gateway           Summ/Tloc      #.........   100%        7
 Monstrous Menagerie      Summ           #.........   100%        7
 Summon Greater Demon     Summ           #.........   100%        7
 Ignition                 Fire           #.........   100%        8
 Summon Horrible Things   Summ           #.........   100%        8
 Shatter                  Erth           #.........   100%        9
 Tornado                  Air            #.........   100%        9


Dungeon Overview and Level Annotations

Branches:
Dungeon (15/15)            Temple (1/1) D:6            Lair (6/6) D:9
 Shoals (4/4) Lair:2       Spider (4/4) Lair:2        Slime (0/5) Lair:5
    Orc (2/2) D:9             Elf (3/3) Orc:2        Vaults (4/5) D:14
  Crypt (0/3) Vaults:3     Depths (0/5) D:15          IceCv (visited)

Altars:
Ashenzari
Cheibriados
Dithmenos
Elyvilon
Fedhas
Gozag
Hepliaklqana
Kikubaaqudgha
Makhleb
Nemelex Xobeh
Okawaru
Qazlal
Ru
Sif Muna
Trog
Uskayaw
Vehumet
Wu Jian
Xom
Yredelemnul
Zin
The Shining One
Beogh

Shops:
D:5 ([*}!   D:6 [   D:14 [   Orc:2 :!(:   Elf:1 *   Elf:2 [   Shoals:3 (

Portals:
Abyss: Spider:3

Annotations:
Spider:4 Cumomo's ghost, adept SpEn


Innate Abilities, Weirdness & Mutations

You have a pair of large antennae on your head. (SInv)
You regenerate health from kills.
You are robust. (+10% HP)
You are completely covered in sharp spines.
You are completely covered in razor-sharp scales. (AC +3, Slay +3)
You can translocate small distances at will.
Your mind is acute. (Int +2)
You have an increased reservoir of magic. (+10% MP)


Message History

You are more poisoned.
The deep elf blademaster hits you but does no damage.
You are more poisoned.
* * * LOW HITPOINT WARNING * * *
You feel extremely sick.
* * * LOW HITPOINT WARNING * * *
You feel extremely sick. The deep elf blademaster misses you.
The deep elf blademaster hits you with a +0 rapier of venom!
* * * LOW HITPOINT WARNING * * *
You are more poisoned.
* * * LOW HITPOINT WARNING * * *
You feel extremely sick.
There is a stone staircase leading up here.
* * * LOW HITPOINT WARNING * * *
You feel extremely sick.
The deep elf blademaster is struck by your spines.
The deep elf blademaster hits you with a +0 rapier of venom!
You die...
Fedhas appreciates your contribution to the ecosystem.

#{#{{ {{§ #{#{ {
.#{# ##E.#E#.
#########......e.#
#......E.....†.((.
#....EEE.E..P)*...
#....e.EE.E.......
#@e.###'##########
#...#.{.".........
#...#.............
#...#.............
#...#...##'#####..
#...#...#......#..
#...#...+......#..
#...#...#......#..
#...#...#......#..


You could see a deep elf blademaster, a deep elf death mage and 6 earth
elementals.

Vanquished Creatures
  Arachne (Spider:3)
  2 Ice Fiends (IceCv)
  A tentacled monstrosity (Vaults:3)
  Jorgrun (D:13)
  A deep elf blademaster (Elf:3)
  2 krakens
  Gastronok (D:11)
  The ghost of Lotaimix the Messiah, an adept HOFi of Beogh (Spider:3)
  Kirke (Spider:4)
  A storm dragon (Vaults:3)
  Ilsuiw (Shoals:2)
  Donald (Elf:2)
  A fire giant (Vaults:3)
  A fire giant (shapeshifter) (Spider:3)
  7 vault wardens
  4 ghost moths
  2 tengu reavers
  An orc warlord (D:9)
  2 deep elf sorcerers
  Louise (Elf:1)
  6 emperor scorpions
  5 stone giants (Vaults:4)
  14 ironheart preservers
  A war gargoyle (Vaults:1)
  3 very ugly things
  Nessos (D:15)
  8 entropy weavers
  2 deep elf demonologists
  A deep elf annihilator (Vaults:2)
  4 spark wasps
  A crystal guardian (Vaults:4)
  3 deep elf death magi
  4 merfolk javelineers (Shoals:4)
  Snorg (Lair:4)
  A deep elf high priest (Elf:3)
  11 merfolk impalers
  2 great orbs of eyes (Vaults:3)
  Josephine (Lair:4)
  9 yaktaur captains
  Harold (D:7)
  3 rakshasas
  Erica (Orc:1)
  9 boulder beetles
  4 vault guards
  13 hydras
  5 merfolk aquamancers
  6 centaur warriors
  4 merfolk avatars (Shoals:4)
  7 death yaks
  An alligator (shapeshifter) (Vaults:3)
  An alligator snapping turtle (Shoals:3)
  26 two-headed ogres
  A deep troll shaman (Vaults:1)
  2 satyrs
  29 dancing weapons
  8 orc high priests (Orc:2)
  4 deep troll earth magi (Vaults:2)
  5 ogre magi
  Urug (Lair:2)
  A vampire mage (Vaults:3)
  A thrashing horror (Spider:3)
  30 deep elf knights
  6 shadow wraiths
  2 skeletal warriors (D:15)
  2 wizards
  8 unseen horrors
  11 deep trolls
  A kraken simulacrum (Shoals:4)
  8 sea snakes
  5 glowing orange brains
  17 deep elf archers
  11 ironbrand convokers
  6 harpies (Shoals:4)
  A phantasmal warrior (D:15)
  3 harpies (shapeshifter) (Vaults:2)
  3 lindwurms (Lair:6)
  A necromancer (D:15)
  5 orc knights
  17 orb spiders
  A stone giant zombie (D:15)
  16 fauns
  23 wolf spiders
  12 manticores
  83 deep elf magi
  27 ugly things
  6 cyclopes
  2 worldbinders (Spider:3)
  2 elephants (Lair:6)
  A moth of wrath (Spider:2)
  An apocalypse crab (Spider:3)
  10 black mambas
  10 merfolk sirens
  5 water nymphs
  6 vault sentinels
  A black mamba (shapeshifter) (Vaults:1)
  3 ice statues
  3 gargoyles
  A torpor snail (Spider:3)
  22 cane toads
  3 rime drakes (Lair:6)
  11 demonic crawlers
  A yaktaur (shapeshifter) (Vaults:2)
  13 komodo dragons
  30 yaktaurs
  5 freezing wraiths
  13 ice devils (IceCv)
  A spriggan skeleton (D:15)
  A tengu conjurer (D:12)
  8 trolls
  3 meliai (Spider:4)
  A meliai (shapeshifter) (Vaults:2)
  42 jumping spiders
  5 polar bears
  4 wind drakes
  33 merfolk
  A raiju (Spider:3)
  4 hornets
  13 blink frogs
  8 snapping turtles
  A frost giant simulacrum (Vaults:3)
  12 slime creatures
  15 dream sheep
  5 vampires
  74 redbacks
  A spriggan (Lair:1)
  2 air elementals (Elf:3)
  3 shadows
  16 tarantellas
  9 water elementals
  8 wyverns
  A tarantella (shapeshifter) (Vaults:2)
  4 basilisks
  A redback (shapeshifter) (Elf:1)
  2 fire elementals
  13 wraiths
  53 yaks
  A yak (shapeshifter) (Elf:3)
  4 hogs (Spider:4)
  14 vampire mosquitoes
  A human simulacrum (Vaults:3)
  5 wargs
  A human zombie (D:15)
  17 water moccasins
  3 soldier ants
  A tengu zombie (D:15)
  3 acid dragons
  A floating eye (shapeshifter) (D:14)
  5 sky beasts
  2 black bears
  20 orc warriors
  11 ice beasts
  2 phantoms
  2 eyes of draining
  A necrophage (D:9)
  8 boggarts
  17 ogres
  24 centaurs
  15 wolves
  4 big kobolds
  15 bullfrogs
  An earth elemental (Elf:1)
  Blork the orc (D:5)
  4 scorpions
  A wyvern skeleton (D:14)
  5 killer bees (D:12)
  15 wights
  2 electric eels (Lair:5)
  3 howler monkeys
  3 jellies
  5 centaur zombies
  A lava snake (D:9)
  2 bullfrog zombies (D:5)
  4 centaur skeletons
  3 hounds
  25 orc wizards
  A quasit (D:7)
  2 bullfrog skeletons
  43 orc priests
  14 iguanas
  A hell rat (Lair:6)
  15 worker ants
  Terence (D:2)
  2 hound zombies
  A hound skeleton (D:8)
  A worker ant zombie (D:8)
  16 adders
  10 gnolls
  A shadow imp (D:5)
  11 white imps
  7 ufetubi
  5 oozes
  An adder skeleton (D:6)
  5 worms
  4 dart slugs
  4 leopard geckos
  101 orcs
  11 giant cockroaches
  7 hobgoblins
  3 jackals (D:1)
  8 quokkas
  A ball python (D:3)
  11 bats
  5 frilled lizards
  3 goblins
  27 kobolds
  2 leopard gecko skeletons
  A quokka zombie (D:7)
  9 rats
  A ballistomycete spore (Lair:6)
  2 crawling corpses (Vaults:3)
  8 tentacles
1633 creatures vanquished.

Vanquished Creatures (collateral kills)
  Rupert (D:14)
  An orc high priest (Orc:2)
  An orc warrior (Orc:2)
  2 orc priests (Orc:2)
  3 orcs (Orc:2)
  42 ballistomycete spores
50 creatures vanquished.

Vanquished Creatures (others)
  A dancing weapon (Elf:2)
  A deep elf knight (Elf:2)
  A deep elf archer (Elf:3)
  2 deep elf magi
  An oklob plant (Lair:4)
  A black mamba (Lair:4)
  A yaktaur (Vaults:2)
  A freezing wraith (Vaults:4)
  A jumping spider (Spider:2)
  A water moccasin (Lair:4)
  An orc warrior (Vaults:4)
  A boggart (D:15)
  2 white imps (IceCv)
  2 ufetubi (IceCv)
  6 ballistomycete spores
  41 fungi
  113 plants
  15 tentacles
  6 withered plants (D:15)
198 creatures vanquished.

Grand Total: 1881 creatures vanquished

Notes
Turn   | Place    | Note
-------+----------+-------------------------------------------
     0 | D:5      | flotson the Demonspawn Delver began the quest for the Orb.
     0 | D:5      | Reached XP level 1. HP: 18/18 MP: 1/1
     3 | D:5      | Found Isisut's General Store.
     7 | D:5      | Noticed a worker ant
     9 | D:5      | Found Kuhyataz's Gadget Emporium.
    11 | D:5      | Noticed an iguana
    24 | D:4      | Noticed a scorpion
   335 | D:3      | Gained mutation: You are partially covered in razor-sharp
                  | scales. (AC +1, Slay +1) [demonic ancestry]
   335 | D:3      | Reached XP level 2. HP: 21/24 MP: 2/2
   555 | D:3      | Reached XP level 3. HP: 26/29 MP: 3/3
   707 | D:3      | Noticed a centaur
   722 | D:3      | HP: 1/29 [centaur/arrow (1)]
  1089 | D:3      | Reached skill level 1 in Armour
  1288 | D:3      | Reached skill level 1 in Throwing
  1538 | D:1      | Gained mutation: You have a pair of small antennae on your
                  | head. [demonic ancestry]
  1538 | D:1      | Reached XP level 4. HP: 31/35 MP: 4/4
  2739 | D:2      | Noticed Terence
  2744 | D:2      | Killed Terence
  2744 | D:2      | Gained mutation: You are partially covered in sharp spines.
                  | [demonic ancestry]
  2744 | D:2      | Reached XP level 5. HP: 37/42 MP: 5/5
  2777 | D:2      | Reached skill level 1 in Shields
  3255 | D:3      | Gained mutation: You regenerate a little health from kills.
                  | [demonic ancestry]
  3255 | D:3      | Reached XP level 6. HP: 48/48 MP: 6/6
  3268 | D:3      | Found an iron altar of Okawaru.
  3314 | D:3      | You fall into a shaft and drop 3 floors!
  3382 | D:5      | Found Cuggou's Antique Weapon Boutique.
  3465 | D:5      | Bought a runed war axe for 136 gold pieces
  3657 | D:4      | You fall into a shaft and drop 1 floor!
  3657 | D:5      | Found a hide-covered altar of Uskayaw.
  3698 | D:5      | Gained mutation: You regenerate health from kills. [demonic
                  | ancestry]
  3698 | D:5      | Reached XP level 7. HP: 52/55 MP: 7/7
  3736 | D:5      | Reached skill level 1 in Axes
  4275 | D:4      | Reached skill level 5 in Fighting
  4319 | D:4      | Reached XP level 8. HP: 62/62 MP: 8/8
  4840 | D:5      | Found Sizaas's Antique Armour Shoppe.
  4915 | D:5      | Found Telilleu's Distillery.
  4924 | D:5      | Bought a potion of curing for 33 gold pieces
  4924 | D:5      | Bought a potion of degeneration for 11 gold pieces
  5096 | D:5      | Noticed Blork the orc
  5107 | D:5      | Killed Blork the orc
  5122 | D:5      | Got a twisted hunting sling
  5123 | D:5      | Identified the cursed +1 hunting sling "Qojakiq" {vorpal,
                  | rPois rC- MR+} (You found it on level 5 of the Dungeon)
  5219 | D:6      | Found a staircase to the Ecumenical Temple.
  5228 | D:6      | Found Xecinki's Armour Boutique.
  5237 | Temple   | Entered the Ecumenical Temple
  5549 | D:6      | Gained mutation: You have a pair of antennae on your head.
                  | [demonic ancestry]
  5549 | D:6      | Reached XP level 9. HP: 57/69 MP: 9/9
  5898 | D:6      | Reached skill level 5 in Dodging
  6229 | D:6      | Found a staircase to the Ecumenical Temple.
  6247 | D:6      | Found Xecinki's Armour Boutique.
  6575 | D:7      | Noticed a two-headed ogre
  6598 | D:7      | Killed a two-headed ogre
  6598 | D:7      | Reached skill level 5 in Throwing
  6598 | D:7      | Reached skill level 5 in Armour
  6598 | D:7      | Reached skill level 1 in Evocations
  6641 | D:7      | Noticed Harold
  7043 | D:7      | Killed Harold
  7043 | D:7      | Reached XP level 10. HP: 61/77 MP: 8/10
  7664 | D:7      | Got a polished glaive
  7670 | D:7      | Identified the +8 glaive of the Unliving {flame, Dex+4
                  | Stlth+} (You found it on level 7 of the Dungeon)
  7704 | D:8      | Noticed a six-headed hydra
  7718 | D:8      | Killed a six-headed hydra
  7718 | D:8      | Reached skill level 1 in Polearms
  8195 | D:8      | Found a glowing golden altar of the Shining One.
  8195 | D:8      | Noticed an oklob plant
  8325 | D:8      | Found a burning altar of Makhleb.
  8338 | D:8      | Noticed a two-headed ogre
  8353 | D:8      | Killed a two-headed ogre
  8665 | D:8      | Found a bloodstained altar of Trog.
  8666 | D:8      | Found a blossoming altar of Fedhas.
  8670 | D:8      | Became a worshipper of Fedhas Madash
  8673 | D:8      | Found a broken altar of Ashenzari.
  8674 | D:8      | Found a basalt altar of Yredelemnul.
  8675 | D:8      | Found a hazy altar of Hepliaklqana.
  8875 | D:9      | Found a staircase to the Orcish Mines.
  8925 | D:9      | Found a staircase to the Lair.
  9505 | D:9      | Gained mutation: You are mostly covered in razor-sharp
                  | scales. (AC +2, Slay +2) [demonic ancestry]
  9505 | D:9      | Reached XP level 11. HP: 84/86 MP: 11/11
  9757 | D:5      | Bought a pair of brightly glowing gloves for 247 gold
                  | pieces
  9767 | D:5      | Identified the cursed +0 pair of gloves "Dalut" {Int+6
                  | Dex+4} (You bought it in a shop on level 5 of the Dungeon)
  9868 | Lair:1   | Entered Level 1 of the Lair of Beasts
 10686 | Lair:1   | Reached skill level 5 in Evocations
 11088 | Lair:1   | Reached * piety under Fedhas
 11088 | Lair:1   | Reached skill level 1 in Crossbows
 12379 | Lair:2   | Noticed Urug
 12389 | Lair:2   | Killed Urug
 12439 | Lair:2   | Reached ** piety under Fedhas
 12447 | Lair:2   | Reached skill level 1 in Invocations
 12511 | Lair:2   | Found a hole to the Spider Nest.
 12713 | Lair:2   | Reached XP level 12. HP: 94/94 MP: 13/13
 12801 | Lair:2   | Found a staircase to the Shoals.
 12946 | Lair:2   | Reached skill level 5 in Polearms
 13363 | Lair:3   | Noticed a four-headed hydra
 13376 | Lair:3   | Killed a one-headed hydra
 13637 | Lair:3   | Noticed a five-headed hydra
 13645 | Lair:3   | Killed a two-headed hydra
 13735 | Lair:3   | Got a bloodstained plate armour
 13740 | Lair:3   | Noticed a four-headed hydra
 13749 | Lair:3   | Killed a one-headed hydra
 13777 | Lair:3   | Identified the +3 plate armour of Minor Irritation {rCorr}
                  | (You found it on level 3 of the Lair of Beasts)
 13954 | Lair:3   | Reached *** piety under Fedhas
 14085 | Lair:3   | Reached skill level 5 in Invocations
 14593 | Lair:3   | Noticed a six-headed hydra
 14600 | Lair:2   | Killed a four-headed hydra
 14998 | Lair:4   | Noticed a death yak
 15011 | Lair:4   | Killed a death yak
 15011 | Lair:4   | Gained mutation: You are completely covered in razor-sharp
                  | scales. (AC +3, Slay +3) [demonic ancestry]
 15011 | Lair:4   | Reached XP level 13. HP: 76/102 MP: 13/17
 15019 | Lair:4   | Got a dazzling hunting sling
 15020 | Lair:4   | Identified the +7 hunting sling of Jeah {freeze, *Contam
                  | rF+++ Int+3} (You found it on level 4 of the Lair of
                  | Beasts)
 15316 | D:5      | Bought a shimmering ring mail for 234 gold pieces
 15326 | D:5      | Identified the +2 ring mail "Kanuiq Nua" {Dex+4} (You
                  | bought it in a shop on level 5 of the Dungeon)
 15523 | Lair:4   | Noticed Snorg
 15529 | Lair:4   | Killed Snorg
 15548 | Lair:4   | Reached skill level 5 in Crossbows
 15740 | Lair:4   | Noticed Josephine
 15749 | Lair:4   | Killed Josephine
 16128 | Lair:5   | Reached skill level 10 in Fighting
 16715 | Lair:5   | Found a staircase to the Slime Pits.
 16904 | Lair:6   | Entered Level 6 of the Lair of Beasts
 16915 | Lair:6   | Reached **** piety under Fedhas
 17551 | Lair:6   | Reached ***** piety under Fedhas
 17603 | Lair:6   | Reached XP level 14. HP: 53/111 MP: 8/19
 18161 | D:6      | Bought a +1 pair of boots of rampaging for 214 gold pieces
 19322 | Orc:1    | Entered Level 1 of the Orcish Mines
 19530 | Orc:2    | Entered Level 2 of the Orcish Mines
 19556 | Orc:2    | Noticed an orc warlord
 19940 | D:9      | Killed an orc warlord
 19940 | D:9      | Reached skill level 10 in Dodging
 20199 | Orc:2    | Found a roughly hewn altar of Beogh.
 20324 | Orc:2    | Found a staircase to the Elven Halls.
 20758 | Orc:2    | Gained mutation: You are clumsy. (Dex -2) [a neqoxec]
 21148 | Orc:2    | Found a roughly hewn altar of Beogh.
 21201 | Orc:1    | Found a roughly hewn altar of Beogh.
 21231 | Orc:1    | Reached skill level 10 in Armour
 21369 | Orc:1    | Noticed Erica
 21383 | Orc:1    | Killed Erica
 21676 | Orc:2    | Found Peympig's Distillery.
 21676 | Orc:2    | Found Doadghuru's Book Boutique.
 21746 | Orc:2    | Found Siur's Book Emporium.
 21746 | Orc:2    | Found Furiu's Antique Weapon Boutique.
 21827 | D:10     | Entered Level 10 of the Dungeon
 22079 | D:10     | Found a white marble altar of Elyvilon.
 22112 | D:10     | Found the +5 scythe "Finisher" {speed, eviscerate}
 22302 | D:10     | Found a portal to a secret trove of treasure.
 22362 | D:10     | Reached ****** piety under Fedhas
 22513 | D:5      | Bought a potion of haste for 110 gold pieces
 22513 | D:5      | Bought a potion of stabbing for 44 gold pieces
 22662 | D:10     | You paid a toll of 8 potions of haste to enter a treasure
                  | trove
 22663 | Trove    | Entered a treasure trove
 22677 | Trove    | Got a pitted pewter ring
 22679 | Trove    | Got a wavering bone amulet
 22681 | Trove    | Got a smoking golden amulet
 22683 | Trove    | Got a clouded lapis lazuli ring
 22685 | Trove    | Got a faintly glowing amber ring
 22688 | Trove    | Got a pitted silver amulet
 22690 | Trove    | Got a heavily runed turquoise ring
 22692 | Trove    | Got a flickering bronze amulet
 22716 | Trove    | Identified the ring of Focvaed {rElec Str+3 SInv} (You
                  | found it in a treasure trove)
 22722 | Trove    | Identified the amulet of the Fool {rElec Regen+ Str+4} (You
                  | found it in a treasure trove)
 22732 | Trove    | Identified the amulet of Qazlal's Pride {Spirit rF++} (You
                  | found it in a treasure trove)
 22734 | Trove    | Identified the ring "Vumunam" {Ice Str+4} (You found it in
                  | a treasure trove)
 22737 | Trove    | Identified the ring "Geageut" {rF+++ MR+ Str-4 Dex-4 SInv}
                  | (You found it in a treasure trove)
 22748 | Trove    | Identified the amulet of Jadir {Reflect rC+++ SH+5} (You
                  | found it in a treasure trove)
 22749 | Trove    | Identified the ring "Watigo" {rPois SInv} (You found it in
                  | a treasure trove)
 22760 | Trove    | Identified the amulet "Nuas" {Reflect *Contam +Fly rPois
                  | Int+4 SH+5} (You found it in a treasure trove)
 22806 | D:10     | Gained mutation: You are very clumsy. (Dex -4) [mutagenic
                  | glow]
 23468 | D:11     | Found a sparkling altar of Nemelex Xobeh.
 23524 | D:11     | Found a shadowy altar of Dithmenos.
 23624 | D:11     | Noticed Gastronok
 23634 | D:11     | Killed Gastronok
 24663 | D:12     | Gained mutation: You have a pair of large antennae on your
                  | head. (SInv) [demonic ancestry]
 24663 | D:12     | Reached XP level 15. HP: 109/119 MP: 20/22
 24668 | D:12     | Reached skill level 10 in Invocations
 25758 | D:13     | Reached skill level 10 in Evocations
 25781 | D:13     | Got a distressingly furry ring mail
 25792 | D:13     | Identified the +2 ring mail of Neikhlet {Slay+3} (You found
                  | it on level 13 of the Dungeon)
 25824 | D:13     | Noticed Jorgrun
 25833 | D:13     | Killed Jorgrun
 26450 | D:13     | Identified 3 scrolls of acquirement
 26455 | D:13     | Acquired a +2 vorpal executioner's axe
 26458 | D:13     | Acquired 787 gold pieces
 26459 | D:13     | Acquired a manual of Dodging
 26942 | D:14     | Found Nomuhem's Armour Shoppe.
 27501 | D:14     | Found a gate to the Vaults.
 27588 | D:14     | Noticed Rupert
 27621 | D:14     | Killed Rupert
 27858 | D:15     | Entered Level 15 of the Dungeon
 28059 | D:15     | Noticed Nessos
 28088 | D:15     | HP: 1/120 [Nessos/arrow (14)]
 28090 | D:15     | Found a staircase to the Depths.
 28514 | D:15     | HP: 4/120 [Nessos/arrow (6)]
 28520 | D:15     | Killed Nessos
 29264 | D:15     | Gained mutation: You are robust. (+10% HP) [demonic
                  | ancestry]
 29264 | D:15     | Reached XP level 16. HP: 121/139 MP: 24/24
 29640 | D:15     | Got a clouded jade ring
 29642 | D:15     | Identified the ring "Xapnueff" {rPois rF+ Dex+4} (You found
                  | it on level 15 of the Dungeon)
 29999 | Spider:1 | Entered Level 1 of the Spider Nest
 30121 | Spider:1 | Lost mutation: You are very clumsy. (Dex -4) [potion of
                  | mutation]
 30121 | Spider:1 | Lost mutation: You are clumsy. (Dex -2) [potion of
                  | mutation]
 30121 | Spider:1 | Gained mutation: Your muscles are strong. (Str +2) [potion
                  | of mutation]
 30121 | Spider:1 | Gained mutation: You do not regenerate when monsters are
                  | visible. [potion of mutation]
 30121 | Spider:1 | Gained mutation: You have large cloven feet. [potion of
                  | mutation]
 30122 | Spider:1 | Lost mutation: You have large cloven feet. [potion of
                  | mutation]
 30122 | Spider:1 | Lost mutation: You do not regenerate when monsters are
                  | visible. [potion of mutation]
 30122 | Spider:1 | Gained mutation: Your mind is acute. (Int +2) [potion of
                  | mutation]
 30122 | Spider:1 | Lost mutation: Your muscles are strong. (Str +2) [potion of
                  | mutation]
 30122 | Spider:1 | Gained mutation: You can translocate small distances at
                  | will. [potion of mutation]
 30122 | Spider:1 | Gained mutation: You have an increased reservoir of magic.
                  | (+10% MP) [potion of mutation]
 31211 | Spider:2 | Reached skill level 10 in Polearms
 31299 | Spider:2 | Got a jewelled plate armour
 31310 | Spider:2 | Identified the +5 plate armour of Idealism {MR+ Str+3} (You
                  | found it on level 2 of the Spider Nest)
 31673 | Spider:3 | Noticed Arachne
 31828 | Spider:3 | Killed Arachne
 32039 | Spider:3 | Noticed Lotaimix's ghost (adept HOFi)
 32141 | Spider:3 | Acquired 467 gold pieces
 32356 | Spider:3 | Found a transporter.
 32375 | Spider:3 | Found a transporter.
 32545 | Spider:3 | Found a one-way gate to the infinite horrors of the Abyss.
 32575 | Spider:3 | Noticed a caustic shrike
 32690 | Spider:3 | Noticed a quicksilver dragon
 32692 | Spider:3 | Noticed a shadow dragon
 32692 | Spider:3 | a quicksilver dragon changed into a shadow dragon
 32694 | Spider:3 | Noticed an iron giant
 32694 | Spider:3 | a shadow dragon changed into an iron giant
 32698 | Spider:3 | an iron giant changed into an iron dragon
 32700 | Spider:3 | Noticed an acid blob
 32700 | Spider:3 | an iron dragon changed into an acid blob
 32706 | Spider:3 | Noticed a golden dragon
 32706 | Spider:3 | an acid blob changed into a golden dragon
 32708 | Spider:3 | a golden dragon changed into a fire giant
 32756 | Spider:3 | Killed Lotaimix's ghost
 32839 | Spider:4 | Entered Level 4 of the Spider Nest
 32916 | Spider:4 | Gained mutation: You are mostly covered in sharp spines.
                  | [demonic ancestry]
 32916 | Spider:4 | Reached XP level 17. HP: 66/150 MP: 1/28
 33573 | Spider:4 | Found a runed translucent gate.
 33573 | Spider:4 | Found a runed translucent gate.
 33574 | Spider:4 | Noticed Cumomo's ghost (adept SpEn)
 33575 | Spider:4 | Found a runed translucent gate.
 33576 | Spider:4 | Identified the +12 triple sword "Dephapp" {drain, Int+2}
 34315 | Spider:4 | Noticed Kirke
 34335 | Spider:4 | Killed Kirke
 35503 | Spider:4 | Got a gossamer rune of Zot
 36494 | Shoals:1 | Entered Level 1 of the Shoals
 36596 | Shoals:1 | Found a frozen archway.
 36605 | IceCv    | Entered an ice cave
 36826 | IceCv    | Noticed an Ice Fiend
 36826 | IceCv    | Noticed an Ice Fiend
 37179 | IceCv    | Killed an Ice Fiend
 37191 | IceCv    | HP: 4/151 [Ice Fiend (5)]
 37193 | IceCv    | Killed an Ice Fiend
 38590 | Shoals:2 | Noticed Ilsuiw
 38825 | Shoals:2 | Killed Ilsuiw
 38961 | Shoals:2 | Reached XP level 18. HP: 157/160 MP: 29/29
 38995 | Shoals:2 | Reached skill level 15 in Dodging
 40064 | Shoals:3 | Found Pugeo's Weapon Emporium.
 40522 | Shoals:4 | Entered Level 4 of the Shoals
 40907 | Shoals:3 | Got a twisted falchion
 40908 | Shoals:3 | Identified the +2 falchion of Lituw {vorpal, rElec Str+2}
                  | (You found it on level 3 of the Shoals)
 40946 | Shoals:4 | Identified the Incunabulum of Evil Conjuration
 41073 | Shoals:4 | Identified the +9 hand axe of Eternity {speed, rF+} (You
                  | found it on level 4 of the Shoals)
 42409 | Shoals:4 | Got a barnacled rune of Zot
 43055 | Vaults:1 | Entered Level 1 of the Vaults
 43265 | Vaults:1 | Reached skill level 15 in Fighting
 43973 | Vaults:1 | Reached XP level 19. HP: 163/170 MP: 30/30
 44056 | Vaults:1 | Reached skill level 5 in Axes
 44517 | Vaults:2 | Reached skill level 15 in Armour
 45506 | Vaults:3 | Acquired the +0 pair of gloves "Kain" {+Inv Dex+4}
 45811 | Vaults:3 | Gained mutation: You are completely covered in sharp
                  | spines. [demonic ancestry]
 45811 | Vaults:3 | Reached XP level 20. HP: 115/180 MP: 31/31
 46531 | Vaults:3 | Found a staircase to the Crypt.
 47261 | Vaults:4 | Identified the amulet of Miobeax {rElec Regen+ Str+6 SInv
                  | Stlth-}
 47370 | Vaults:4 | Identified the Collected Works on Gliding Battle Magic
 48047 | Elf:1    | Entered Level 1 of the Elven Halls
 48047 | Elf:1    | Noticed Louise
 48098 | Elf:1    | Cast into level 2 of the Abyss (Louise)
 48107 | Elf:1    | Escaped the Abyss
 48112 | Elf:1    | Killed Louise
 48616 | Elf:1    | Found Qyennuqy's General Store.
 48767 | Elf:1    | Identified Sif Muna's Grimoire of Supportive Arcane Weapons
 49223 | Elf:2    | Reached XP level 21. HP: 179/189 MP: 33/33
 49263 | Elf:2    | Found Lucud's Antique Armour Boutique.
 49270 | Elf:2    | Bought a pair of glowing boots for 217 gold pieces
 49496 | Elf:2    | Reached skill level 10 in Throwing
 49520 | Elf:2    | Noticed Donald
 49529 | Elf:2    | Killed Donald
 49619 | Elf:2    | Acquired a manual of Axes
 49747 | Elf:2    | Found a runed translucent gate.
 49747 | Elf:2    | Found a runed translucent gate.
 49748 | Elf:2    | Found a runed translucent gate.
 50292 | Elf:3    | Entered Level 3 of the Elven Halls
 50411 | Elf:3    | Reached skill level 10 in Axes
 50984 | Elf:3    | HP: 9/191 [poisoned by a deep elf blademaster]
 50985 | Elf:3    | HP: 3/191 [poisoned by a deep elf blademaster]
 50985 | Elf:3    | Mangled by a deep elf blademaster

Illustrated notes

Levels and vault maps discovered:
D:1:      shiori_arrival_elements, layout_loops_ring
D:2:      layout_rooms, minmay_octomino_j4, uniq_terence
D:3:      minmay_chambers_of_threes, layout_basic, okawaru_ov_weapons_minmay
D:4:      layout_loops_ring, chequers_ossuary_entry_cave
D:5:      layout_cave_pools, overflow_temple_1_default, serial_shops, shop,
          nicolae_shop_waterfront, shop,
          nicolae_shop_temple_entry_statues_fountains, shop, uniq_ijyb,
          uniq_blork_the_orc
D:6:      layout_cave_pools, minmay_temple_entry_stoned_glass, serial_shops,
          shop
D:7:      layout_gridville, minmay_shattered_shrine, uniq_harold
D:8:      layout_basic, minitemple, lemuel_doored_altar, lemuel_oklob_altar
D:9:      layout_big_octagon
D:10:     layout_cave_pools, enter_trove_3, serial_glass, glass_columns_b,
          glass_columns_a, glass_columns_b, glass_columns_a,
          due_unseen_surprise, minmay_strange_pillars, unseen_surprise_small,
          feat_on_display, basic_altar, nrook_pool_corridor,
          minmay_guarded_unrand_finisher
D:11:     layout_gridville, basic_altar, nicolae_dithmenos_the_darkroom,
          uniq_gastronok
D:12:     layout_layer_cave, chequers_serial_rivers_micro_b, minmay_lizard_king
D:13:     layout_irregular_city, uniq_jorgrun
D:14:     layout_rooms, david_vaults_4, serial_shops, nicolae_shop_statue_plus,
          minmay_misc_feat_alley, uniq_rupert
D:15:     gammafunk_depths_entry_grave, layout_loops_ring, billiards_dpeg,
          uniq_nessos
Temple:   nicolae_temple_great_sept
Lair:1:   layout_concentric_octagons, eino_small_chamber_without_monster,
          grunt_forest_large_clearing_hut, grunt_megastairs_4
Lair:2:   layout_long_grid, shoals_dummy_entry,
          nicolae_spider_entry_tight_spaces, uniq_urug
Lair:3:   layout_long_grid, ice2_lemuel
Lair:4:   layout_big_grid, serial_rivers, chequers_serial_rivers_micro_b,
          chequers_serial_rivers_room_a, chequers_serial_rivers_large_a,
          chequers_serial_rivers_micro_c, minmay_lair_oklob_chamber, uniq_snorg,
          uniq_josephine
Lair:5:   layout_gridlike, slime_dummy, infiniplex_staircase_pool_2
Lair:6:   hangedman_lair_in_review, layout_regular_city
Shoals:1: layout_shoals, portal_ice_cave_entry_pillars_three
Shoals:2: layout_shoals, uniq_ilsuiw
Shoals:3: layout_shoals, serial_shops, shop
Shoals:4: shoals_end_grunt_ice, layout_shoals, abandoned_shop
Spider:1: layout_spider_delve
Spider:2: layout_spider_delve, nicolae_spider_nook
Spider:3: layout_spider_delve, gammafunk_ghost_abyssal_escape, drop_trap,
          uniq_arachne
Spider:4: grunt_spider_rune_circles, gammafunk_ghost_tricky_traps, uniq_kirke
Orc:1:    layout_caves, mines2_david, uniq_erica
Orc:2:    st_orc_town, layout_caves, basic_altar, lightli_orcish_oven
Elf:1:    eino_elf_arrival_shootout, layout_gridlike, serial_shops, shop,
          minmay_elf_sorcery, uniq_louise
Elf:2:    layout_geoelf_grid, serial_shops, nicolae_shop_crystal, uniq_donald
Elf:3:    elf_hall, layout_onion_city, minmay_the_grid_square_5x5_3x3_mashed
          [minmay_the_grid_square_5x5_minibox,
          minmay_the_grid_square_5x5_broken_cross,
          minmay_the_grid_square_5x5_spiral,
          minmay_the_grid_square_5x5_trominoes,
          minmay_the_grid_square_5x5_megaprize_crossed,
          minmay_the_grid_square_5x5_tie, minmay_the_grid_square_5x5_plus,
          minmay_the_grid_square_5x5_inner_z,
          minmay_the_grid_square_5x5_tri_point]
Vaults:1: vaults_mumra_chevron, nicolae_vaults_twisting_passages, v_misc_19,
          dpeg_vaults_monster_row, nicolae_vaults_stairing_the_circle, v_misc_5,
          vaults_dpeg_spiral, layout_vaults_chaotic_city
Vaults:2: nicolae_vaults_network_barrier, nicolae_vaults_circle_grid_b,
          v_misc_27, nicolae_vaults_network_periphery,
          nicolae_vaults_shelves_hall, vaults_dpeg_cross,
          hangedman_vaults_river_flow, nicolae_vaults_puzzle_piece,
          nicolae_vaults_yaktaur_gun_rack, grunt_vaults_bifocal,
          vaults_room_semicircle, vaults_room_semicircle,
          layout_vaults_big_cross
Vaults:3: v_misc_5, grunt_vaults_hallway_long, hangedman_vaults_unwind,
          nicolae_vaults_circle_grid_a, minmay_crypt_entry_vampire_xt,
          v_misc_24, nicolae_vaults_network_star, hangedman_vaults_pinch,
          nicolae_vaults_sealed_display, nicolae_vaults_puzzle_piece,
          nicolae_vaults_hallways_thing, nicolae_vaults_fighting_squares,
          v_misc_23, layout_vaults_omnibox
Vaults:4: v_misc_5, ontoclasm_vaults_fault, hangedman_vaults_corner_blocks,
          v_alt_pattern_4, vaults_room_hangedman_quadrants,
          vaults_mumra_minichess, vaults_dpeg_diagonal,
          nicolae_vaults_inception_scallops, grunt_vaults_hallway_short,
          vaults_room_stairs_pillars, nicolae_vaults_asterisk,
          ontoclasm_vaults_gateway, ontoclasm_vaults_twist, vaults_room_fours,
          v_pattern_2, v_misc_13, layout_vaults_maze

Skill      XL: |  1  2  3  4  5  6  7  8  9 10 11 12 13 14 15 16 17 18 19 20 21 |
---------------+----------------------------------------------------------------+-----
Dodging        | 2 3 4 5 6 7 8 9 10 11 13 14 16 17 | 17.5
Armour         | 1 2 3 4 5 6 7 8 9 10 11 13 14 15 16 17 | 17.4
Throwing       | 1 2 3 4 5 6 8 9 10 | 10.0
Shields        | 1 2 4 |  4.0
Fighting       | 4 5 6 7 8 9 10 11 12 13 14 15 16 17 | 17.0
Axes           | 2 3 4 7 8 10 | 10.2
Evocations     | 2 4 6 7 8 9 10 11 12 13 | 13.6
Polearms       | 2 4 6 7 8 9 10 11 12 | 12.8
Crossbows      | 3 4 6 |  6.0
Invocations    | 1 5 7 9 11 12 | 12.0
Stealth        | |  4.7
Unarmed Combat | |  1.8

Action                   |  1- 3 |  4- 6 |  7- 9 | 10-12 | 13-15 | 16-18 | 19-21 || total
-------------------------+-------+-------+-------+-------+-------+-------+-------++-------
Melee: Unarmed           |   149 |   161 |       |       |       |       |       ||   310
       Punch             |     2 |       |       |       |       |       |       ||     2
       War axe           |       |    15 |   219 |    15 |       |       |       ||   249
       Glaive            |       |       |       |   304 |   510 |       |       ||   814
       Scythe            |       |       |       |       |   491 |  1132 |       ||  1623
       Executioner's axe |       |       |       |       |    10 |   271 |   793 ||  1074
 Fire: Arbalest          |       |       |       |    79 |    50 |       |       ||   129
Throw: Dart              |       |    43 |    36 |     1 |    30 |       |       ||   110
       Boomerang         |       |       |     2 |     1 |       |       |       ||     3
       Javelin           |       |       |       |     3 |    17 |    28 |     5 ||    53
       Throwing net      |       |       |       |       |     1 |       |       ||     1
Invok: Grow Ballistomyce |       |       |       |       |     6 |     2 |     1 ||     9
       Grow Oklob        |       |       |       |       |     1 |     1 |     1 ||     3
       Wall of Briars    |       |       |       |       |     4 |     3 |     1 ||     8
 Abil: Blink             |       |       |       |       |       |     1 |       ||     1
Evoke: Wand              |     3 |    11 |     5 |    21 |     7 |     8 |       ||    55
       Phial of floods   |       |       |       |     1 |       |       |       ||     1
       Tin of tremorston |       |       |       |       |       |     3 |       ||     3
       Condenser vane    |       |       |       |       |       |     2 |       ||     2
  Use: Scroll            |     4 |     1 |     3 |    11 |    26 |    14 |     5 ||    64
       Potion            |     2 |       |       |     2 |     6 |     3 |       ||    13
 Stab: Sleeping          |     5 |     5 |     1 |     8 |    17 |     4 |       ||    40
       Distracted        |       |       |     1 |     1 |     2 |     3 |     2 ||     9
       Invisible         |       |       |       |     2 |       |       |       ||     2
       Held in net/web   |       |       |       |       |       |     1 |       ||     1
Armor: Leather armour    |     7 |       |       |       |       |       |       ||     7
       Ring mail         |    67 |    42 |    14 |       |    99 |    91 |       ||   313
       Scale mail        |       |    42 |    54 |   209 |   191 |       |       ||   496
       Plate armour      |       |       |       |       |    58 |   801 |   436 ||  1295
Dodge: Dodged            |    92 |    96 |   119 |   362 |  1113 |  1599 |  1192 ||  4573
Block: Buckler           |       |    21 |    59 |     2 |       |       |       ||    82
       Other             |       |       |       |       |    35 |   238 |       ||   273
       Reflection        |       |       |       |       |     2 |    26 |       ||    28

Table legend: (Time is in decaauts)
 A = Elapsed time spent in this place.
 B = Non-inter-level travel time spent in this place.
 C = Inter-level travel time spent in this place.
 D = Time resting spent in this place.
 E = Time spent auto-exploring this place.
 F = Levels seen in this place.
 G = Mean time per level.
                   A        B        C        D        E       F      G
               +--------+--------+--------+--------+--------+-----+--------+
         Total |  52344 |  47333 |   5011 |   6455 |  30024 |  42 | 1246.3 |
       Dungeon |  19701 |  16696 |   3005 |   2499 |  10404 |  15 | 1313.4 |
        Temple |     85 |     72 |     13 |      0 |     72 |   1 |   85.0 |
          Lair |   9175 |   8068 |   1107 |    560 |   5992 |   6 | 1529.2 |
        Shoals |   5469 |   5296 |    173 |    995 |   3159 |   4 | 1367.2 |
   Spider Nest |   6582 |   6308 |    274 |   1446 |   3532 |   4 | 1645.5 |
  Orcish Mines |   2075 |   1962 |    113 |    217 |   1190 |   2 | 1037.5 |
   Elven Halls |   3045 |   2934 |    111 |      0 |   2128 |   3 | 1015.0 |
        Vaults |   5002 |   4789 |    213 |     73 |   3425 |   4 | 1250.5 |
         Abyss |      9 |      9 |      0 |      0 |      0 |   1 |    9.0 |
         Trove |    107 |    107 |      0 |      0 |      4 |   1 |  107.0 |
      Ice Cave |   1090 |   1090 |      0 |    664 |    117 |   1 | 1090.0 |
               +--------+--------+--------+--------+--------+-----+--------+

Top non-repeatable levels by time:
Spider:4: 2438 daAuts
Spider:3: 2293 daAuts
  Lair:1: 1973 daAuts
Shoals:4: 1943 daAuts
     D:7: 1930 daAuts
  Lair:6: 1900 daAuts
  Lair:3: 1775 daAuts
  Lair:2: 1709 daAuts
    D:15: 1670 daAuts
     D:3: 1547 daAuts
     D:8: 1539 daAuts
    D:12: 1504 daAuts
     D:6: 1444 daAuts
Vaults:3: 1437 daAuts
     D:9: 1408 daAuts
